 Dungeon Crawl Stone Soup version 0.32-a0-938-g40ac7a0f4d (webtiles) character file.

Game seed: 6533238487930056721

2 Revguard the Chopper (level 1, -2/16 HPs)
             Began as a Coglin Gladiator on Apr 15, 2024.
             Succumbed to a kobold's poison
             ... on level 1 of the Dungeon.
             The game lasted 00:00:19 (12 turns).

Revguard the Chopper (Coglin Gladiator)               Turns: 12, Time: 00:00:20

Health: -2/16      AC:  4    Str: 14    XL:     1   Next: 30%
Magic:  1/1        EV: 11    Int:  7    God:
Gold:   0          SH:  0    Dex: 15    Spells: 0/0 levels left

rFire   . . .        a - +0 war axe {Shiptu}
rCold   . . .        f - +0 dagger {Wenzel}
rNeg    . . .        b - +0 leather armour
rPois   .            c - +0 helmet
rElec   .            (no cloak)
rCorr   .            (no gloves)
SInv    .            (no boots)
Will    .....        (amulet unavailable)
Stlth   +            (ring unavailable)
HPRegen 0.22/turn    (ring unavailable)
MPRegen 0.07/turn    (no gizmo)

%: no passive effects
@: lethally poisoned (-2 -> -14), revving
A: off-hand wielding, slow wielding, warmup strikes, no jewellery
a: Invent Gizmo


You were on level 1 of the Dungeon.
You visited 1 branch of the dungeon, and saw 1 of its levels.

Inventory:

Hand Weapons
 a - a +0 war axe (weapon) {Shiptu}
 f - a +0 dagger (offhand) {Wenzel}
Missiles
 d - 3 throwing nets (quivered)
 e - a javelin
Armour
 b - a +0 leather armour (worn)
 c - a +0 helmet (worn)
Scrolls
 g - a scroll of enchant weapon {unknown}


   Skills:
 + Level 2.0 Fighting
 + Level 3.0 Axes
 - Level 1.7 Throwing
 + Level 0.1 Armour
 + Level 2.7 Dodging
 + Level 0.2 Evocations


You couldn't memorise any spells.
You didn't know any spells.
Your spell library was empty.

Dungeon Overview and Level Annotations

Branches:
Dungeon (1/15)

Altars:


Innate Abilities, Weirdness & Mutations

You can wield a second weapon in your off-hand.
It takes a long time for you to wield or remove held weapons.
Your first few attacks do less damage.
You cannot equip rings or amulets.


Message History

Welcome, Revguard the Coglin Gladiator.
A smirking vizier told you that the Orb of Zot is just within this dungeon.
Press ? for a list of commands and other information.
Found a leather armour and a scroll labelled URUFIU ECARR.
Found a staircase leading out of the dungeon.
Unknown command.
g - a scroll labelled URUFIU ECARR An endoplasm comes into view.
A kobold comes into view. It is wielding a +1 whip of venom.
Found a dagger.
Found 13 gold pieces.
The endoplasm quivers.
The kobold hits you with a +1 whip of venom.
You are poisoned.
A quokka and a ball python come into view.
You feel sick.
The kobold hits you with a +1 whip of venom.
You are lethally poisoned!
You miss the kobold with your +0 dagger.
You slash the kobold with your +0 war axe!
You kill the kobold!
You slash the endoplasm with your +0 war axe!
You kill the endoplasm!
* * * LOW HITPOINT WARNING * * *
You feel very sick.
You aren't carrying any potions.
You die...

###.. ≈# ..
....## ≈#. ..$
....^ ≈≈#.
...#...# ≈≈≈#
##.#...###~≈S###
.#.........≈≈≈≈≈≈
...#.......≈≈≈≈≈≈
...)....@.r#≈≈≈
........####.#
....#..).....# ##
######...## ##
P♣P♣♣♣#...#..P.
PPP.PP#...#PP..P
.PP.PP#...#P..P♣
PP♣♣♣P#...#PPPP
♣.PPPP#...#♣P♣.♣


You could see a quokka (asleep) and a ball python (asleep).

Vanquished Creatures
  An endoplasm (D:1)
  A kobold (D:1)
2 creatures vanquished.

Notes
Turn   | Place    | Note
-------+----------+-------------------------------------------
     0 | D:1      | Revguard the Coglin Gladiator began the quest for the Orb.
     0 | D:1      | Reached XP level 1. HP: 16/16 MP: 1/1
    12 | D:1      | Succumbed to a kobold's poison

Illustrated notes

Levels and vault maps discovered:
D:1:      minmay_arrival_arboretum_large, layout_loops_ring,
          nicolae_ecumenical_lake_church

Action                     || total
---------------------------++-------
  Melee: Dagger            ||     1
         War axe           ||     1
 Armour: Leather armour    ||     2

Table legend: (Time is in decaauts)
 A = Elapsed time spent in this place.
 B = Non-inter-level travel time spent in this place.
 C = Inter-level travel time spent in this place.
 D = Time resting spent in this place.
 E = Time spent auto-exploring this place.
 F = Levels seen in this place.
 G = Mean time per level.
                   A        B        C        D        E       F      G
               +--------+--------+--------+--------+--------+-----+--------+
         Total |     12 |     12 |      0 |      0 |      6 |   1 |   12.0 |
       Dungeon |     12 |     12 |      0 |      0 |      6 |   1 |   12.0 |
               +--------+--------+--------+--------+--------+-----+--------+

Top non-repeatable levels by time:
     D:1: 12 daAuts
